 Dungeon Crawl Stone Soup version 0.31.0-11-ge490571c62 (webtiles) character file.

Game seed: 13517682583441218301

22 qw the Shooter (level 2, -1/16 HPs)
             Began as a Deep Elf Hunter on Feb 3, 2024.
             Slain by Sigmund
             ... wielding a +0 scythe
              (2 damage)
             ... on level 2 of the Dungeon.
             The game lasted 00:00:02 (891 turns).

qw the Shooter (Deep Elf Hunter)                     Turns: 891, Time: 00:00:02

Health: -1/16      AC:  8    Str:  8    XL:     2   Next: 68%
Magic:  4/4        EV: 10    Int: 13    God:
Gold:   42         SH:  0    Dex: 18    Spells: 1/1 levels left

rFire   . . .        a - +0 shortbow
rCold   . . .        (shield currently unavailable)
rNeg    . . .        h - +0 ring mail
rPois   .            (no helmet)
rElec   .            (no cloak)
rCorr   .            (no gloves)
SInv    .            g - +2 pair of boots
Will    .....        (no amulet)
Stlth   +            (no ring)
HPRegen 0.22/turn    (no ring)
MPRegen 0.09/turn

%: no passive effects
@: about to teleport
A: no striking features
a: no special abilities


You were on level 2 of the Dungeon.
You visited 1 branch of the dungeon, and saw 2 of its levels.

You collected 42 gold pieces.


   Skills:
 - Level 1.5 Fighting
 + Level 6.4 Ranged Weapons
 - Level 2.4 Dodging
 - Level 1.2 Stealth


You had one spell level left.
You didn't know any spells.
Your spell library was empty.

Inventory:

Hand Weapons
 a - a +0 shortbow (weapon)
Armour
 g - a +2 pair of boots (worn)
 h - a +0 ring mail (worn)
Scrolls
 f - 2 scrolls of identify

Dungeon Overview and Level Annotations

Branches:
Dungeon (2/15)

Altars:

Annotations:
D:2 Sigmund


Message History

The arrow hits the adder but does no damage.
The adder is severely wounded.
The adder bites you but does no damage. x2
You shoot an arrow. The arrow hits the adder!
You kill the adder!
Sigmund barely misses you.
You shoot an arrow. The arrow closely misses Sigmund.
You shoot an arrow. The arrow hits Sigmund.
Sigmund is lightly wounded.
Sigmund hits you from afar with a +0 scythe.
You shoot an arrow. The arrow hits Sigmund.
Sigmund is lightly wounded.
Sigmund closely misses you.
You shoot an arrow.
The arrow hits Sigmund but does no damage.
Sigmund is lightly wounded.
Sigmund barely misses you.
You shoot an arrow.
The arrow hits Sigmund but does no damage.
Sigmund is lightly wounded.
Sigmund hits you from afar with a +0 scythe.
You shoot an arrow. The arrow barely misses Sigmund.
Sigmund hits you but does no damage.
You shoot an arrow. The arrow barely misses Sigmund.
You shoot an arrow. The arrow closely misses Sigmund.
Sigmund hits you but does no damage.
You shoot an arrow. The arrow hits Sigmund.
Sigmund is lightly wounded.
Sigmund hits you from afar with a +0 scythe!
Ouch! That really hurt!
890 ||| READING scroll of teleportation.
As you read the scroll of teleportation, it crumbles to dust.
You feel strangely unstable. Sigmund casts a spell at you.
The magic dart hits you.
You shoot an arrow. The arrow hits Sigmund.
Sigmund is moderately wounded.
Sigmund hits you from afar with a +0 scythe.
You die...
Sigmund begins carving another notch in his scythe.

.. .....
......
####.......
##<.........
#..###....
#.## ... .
..#####.###%#
........@.@.#
..####...####
#..## ....#
###..# #..#
#..# ....


You could see Sigmund.

Vanquished Creatures
  An adder (D:2)
  An endoplasm (D:1)
  A giant cockroach (D:1)
  2 hobgoblins (D:1)
  2 kobolds (D:1)
  3 bats (D:1)
  2 frilled lizards (D:1)
  2 rats (D:1)
14 creatures vanquished.

Notes
Turn   | Place    | Note
-------+----------+-------------------------------------------
     0 | D:1      | qw the Deep Elf Hunter began the quest for the Orb.
     0 | D:1      | Reached XP level 1. HP: 12/12 MP: 3/3
     0 | D:1      | 0 ||| qw: Version: 0.3-a-155-g5e7d8dd
     0 | D:1      | 0 ||| qw: Game counter: 3279
     0 | D:1      | 0 ||| qw: Melee chars always use a shield: true
     0 | D:1      | 0 ||| qw: God list: Okawaru
     0 | D:1      | 0 ||| qw: Allow faded altars: false
     0 | D:1      | 0 ||| qw: Do Orc after clearing Dungeon:15 true
     0 | D:1      | 0 ||| qw: Do second Lair branch before Depths: true
     0 | D:1      | 0 ||| qw: Lair rune preference: random
     0 | D:1      | 0 ||| qw: Goals: Normal
     0 | D:1      | 0 ||| PLANNING D:1-11
   430 | D:1      | Reached XP level 2. HP: 16/16 MP: 4/4
   439 | D:1      | Reached skill level 6 in Ranged Weapons
   815 | D:1      | 815 ||| UPGRADING to +0 pair of boots.
   820 | D:1      | 820 ||| UPGRADING to +0 ring mail.
   830 | D:1      | 830 ||| DROPPING +0 leather armour.
   831 | D:1      | 831 ||| READING 2 scrolls labelled WIURCHE EDUGOW.
   836 | D:1      | 836 ||| READING 2 scrolls labelled ACO LER FAU.
   836 | D:1      | 836 ||| ENCHANTING +0 pair of boots.
   837 | D:1      | 837 ||| READING scroll of enchant armour.
   837 | D:1      | 837 ||| ENCHANTING +1 pair of boots.
   838 | D:1      | 838 ||| READING 3 scrolls labelled TINLEE PIMEDU.
   838 | D:1      | 838 ||| IDENTIFYING 3 scrolls labelled QAOPO JITO
   839 | D:1      | 839 ||| DROPPING scroll of butterflies.
   840 | D:1      | 840 ||| DROPPING 3 scrolls of noise.
   869 | D:2      | Noticed Sigmund
   889 | D:2      | HP: 2/16 [Sigmund/+0 scythe (10)]
   890 | D:2      | 890 ||| READING scroll of teleportation.
   891 | D:2      | Slain by Sigmund

Levels and vault maps discovered:
D:1:      minmay_arrival_stair_chambers, layout_loops_corners, nrook_campfire,
          minmay_quantized
D:2:      layout_rooms, grunt_ministairs_6, hangedman_decor_points, uniq_sigmund

Skill      XL: |  1  2 |
---------------+-------+-----
Ranged Weapons | 6 |  6.4
Fighting       | |  1.5
Dodging        | |  2.4
Stealth        | |  1.2

Action                     || total
---------------------------++-------
   Fire: Shortbow          ||    35
    Use: Scroll            ||     5
 Armour: Leather armour    ||     2
         Ring mail         ||     9
  Dodge: Dodged            ||     8

Table legend:
 A = Non-vault XP
 B = Vault XP
 C = Vault XP percentage of total XP
 D = Non-vault monster count
 E = Vault monster count
 F = Vault count percentage of total count
                 A         B        C        D         E       F
            +---------+---------+-------+---------+---------+-------
      Total |      29 |       3 |   9.4 |      11 |       3 |  21.4
            +---------+---------+-------+---------+---------+-------
        D:1 |      16 |       3 |  15.8 |      10 |       3 |  23.1
        D:2 |      13 |       0 |   0.0 |       1 |       0 |   0.0
            +---------+---------+-------+---------+---------+-------
